AoeStats
← PangIBygget

Arena

510362641Analyzed
3v3 RM · 20h ago on Sep 30, 2026· 68m 2s· 6 players
Game mode
Random Map
Map size
Normal (6 player)
Population
200
Speed
Normal
Resources
Standard
Victory
Conquest
Starting age
Dark Age
Ending age
Imperial Age
RankedLock teamsTeams togetherTeam positionsShared explorationLock speedFull tech treeHidden civsTurbo modeCheats
Victory
Defeat
🇸🇪 Teutons · Sweden
990
+16
🇸🇪 Turks · Sweden
968
+16
🇸🇪 Goths · Sweden
960
+17
🇹🇷 Hindustanis · Türkiye
1005
-17
🇹🇷 Celts · Türkiye
977
-16
🇦🇹 Spanish · Austria
967
-16
zombiekiller7
11:36 Feudal Age
11:18 Loom
12:01 Loom
12:28 Horse Collar
12:43 Double-Bit Axe
17:44 Castle Age
16:26 Stone Mining
17:39 Forging
17:53 Scale Mail Armor
19:33 Wheelbarrow
20:33 Bow Saw
25:26 Murder Holes
29:43 Iron Casting
29:04 Pikeman
40:03 Imperial Age
38:49 Gold Mining
40:37 Chain Mail Armor
45:15 Fortified Wall
46:37 Blast Furnace
46:08 Plate Mail Armor
47:02 Gold Shaft Mining
46:56 Heavy Scorpion
49:26 Hand Cart
48:56 Onager
53:50 Cavalier
54:31 Husbandry
56:02 Stone Shaft Mining
56:23 Capped Ram
56:25 Siege Onager
smake
10:56 Feudal Age
16:00 Castle Age
14:11 Double-Bit Axe
14:46 Stone Mining
14:52 Horse Collar
17:38 Bow Saw
17:57 Gold Mining
19:40 Stone Shaft Mining
26:44 Wheelbarrow
26:17 Heavy Plow
27:16 Fletching
27:43 Hand Cart
30:13 Loom
30:15 Town Watch
33:05 Masonry
32:37 Elite Skirmisher
33:53 Bodkin Arrow
33:59 Padded Archer Armor
36:41 Imperial Age
37:28 Ballistics
37:31 Bracer
37:48 Leather Archer Armor
39:12 Town Patrol
40:38 Two-Man Saw
40:50 Ring Archer Armor
41:05 Inquisition
41:44 Hoardings
42:36 Chemistry
41:33 Murder Holes
42:50 Elite Conquistador
44:46 Sanctity
45:02 Illumination
44:55 Block Printing
45:04 Heresy
45:24 Theocracy
45:13 Redemption
46:00 Bombard Tower
46:11 Architecture
vwusxa7
8:30 Loom
10:44 Feudal Age
11:32 Double-Bit Axe
11:41 Horse Collar
15:01 Castle Age
13:37 Stone Mining
13:43 Gold Mining
17:40 Heavy Plow
21:21 Town Watch
21:56 Bow Saw
21:51 Gold Mining
23:11 Scale Mail Armor
24:32 Forging
24:33 Squires
24:18 Arson
25:33 Chain Mail Armor
27:15 Iron Casting
27:21 Gold Shaft Mining
29:24 Fletching
30:47 Bodkin Arrow
33:39 Imperial Age
33:10 Stone Shaft Mining
32:56 Town Patrol
34:55 Conscription
35:40 Blast Furnace
37:50 Elite Ghulam
39:07 Hoardings
39:38 Wheelbarrow
39:44 Wheelbarrow
39:23 Bodkin Arrow
39:58 Masonry
40:39 Hand Cart
42:05 Chemistry
41:44 Caravan
43:11 Bracer
exopeN
11:30 Feudal Age
12:49 Double-Bit Axe
13:58 Loom
16:39 Castle Age
15:28 Horse Collar
18:20 Heavy Plow
24:07 Fletching
30:37 Elite Skirmisher
31:35 Forging
31:18 Gold Mining
32:24 Stone Mining
33:43 Wheelbarrow
32:54 Town Watch
36:12 Anarchy
37:56 Scale Mail Armor
48:43 Imperial Age
48:06 Iron Casting
47:47 Chain Mail Armor
47:55 Squires
52:17 Conscription
51:52 Elite Huskarl
61:34 Crop Rotation
PangIBygget
10:43 Feudal Age
13:24 Loom
16:17 Castle Age
14:36 Double-Bit Axe
14:35 Horse Collar
16:25 Bloodlines
19:06 Wheelbarrow
19:54 Heavy Plow
20:33 Bow Saw
22:17 Hand Cart
24:37 Scale Barding Armor
25:05 Forging
33:46 Imperial Age
31:01 Town Watch
33:08 Iron Casting
33:24 Chain Barding Armor
34:09 Cavalier
34:59 Scale Mail Armor
36:13 Crop Rotation
36:46 Two-Man Saw
36:35 Conscription
36:55 Conscription
36:49 Gold Mining
36:50 Stone Mining
39:24 Paladin
41:02 Elite Teutonic Knight
43:40 Stone Shaft Mining
44:45 Caravan
45:47 Plate Barding Armor
45:28 Chain Mail Armor
46:13 Blast Furnace
49:20 Plate Mail Armor
63:28 Padded Archer Armor
63:18 Fletching
64:33 Chemistry
63:53 Ballistics
63:30 Elite Skirmisher
66:31 Leather Archer Armor
66:11 Bodkin Arrow
stahl_mannen
9:38 Feudal Age
10:05 Double-Bit Axe
11:06 Horse Collar
18:08 Castle Age
22:21 Imperial Age
19:39 Loom
23:41 Fletching
41:11 Bodkin Arrow
42:16 Wheelbarrow
53:24 Scale Barding Armor
53:30 Forging
58:31 Heavy Plow
58:57 Bloodlines
61:13 Chain Barding Armor
61:28 Iron Casting
67:15 Hand Cart
Connection lost

Rejoining the realm…

Still unreachable

The connection could not be restored.

Session expired

The server has moved on; the page needs a fresh start.